 Dungeon Crawl Stone Soup version 0.28.0-1-gb440e238dd (webtiles) character file.

Game seed: 16747693447232297095

29 spaghetti the Sneak (level 3, -1/29 HPs)
             Began as a Demonspawn Delver on Feb 20, 2022.
             Slain by a kobold (5 damage)
             ... on level 4 of the Dungeon.
             The game lasted 00:00:43 (512 turns).

spaghetti the Sneak (Demonspawn Delver)              Turns: 512, Time: 00:00:45

Health: -1/29      AC:  3    Str: 14    XL:     3   Next: 1%
Magic:  3/3        EV: 11    Int: 11    God:
Gold:   17         SH:  0    Dex: 14    Spells: 2/2 levels left

rFire   . . .      SeeInvis .   a - +0 hand axe
rCold   . . .      Faith    .   (no shield)
rNeg    . . .      Spirit   .   b - +0 leather armour
rPois   .          Reflect  .   (no helmet)
rElec   .          Harm     .   (no cloak)
rCorr   .          Rampage  .   (no gloves)
Will    .....                   (no boots)
Stlth   ++........              (no amulet)
HPRegen 0.09/turn               (no ring)
MPRegen 0.08/turn               (no ring)

@: lethally poisoned (-1 -> -13)
A: demonic guardian 1
a: no special abilities


You were on level 4 of the Dungeon.
You visited 1 branch of the dungeon, and saw 3 of its levels.

You collected 17 gold pieces.

Inventory:

Hand Weapons
 a - a +0 hand axe (weapon)
Armour
 b - a +0 leather armour (worn)
Wands
 g - a wand of digging (3)
Scrolls
 c - a scroll of fog
 d - 2 scrolls of magic mapping
 e - a scroll of fear
Potions
 f - a potion of haste


   Skills:
 - Level 3.0 Fighting
 + Level 3.2 Axes
 - Level 1.7 Dodging
 - Level 4.5 Stealth


You had 2 spell levels left.
You didn't know any spells.
Your spell library was empty.

Dungeon Overview and Level Annotations

Branches:
Dungeon (6/15)
 Temple: D:4-7

Altars:


Innate Abilities, Weirdness & Mutations

A weak demonic guardian rushes to your aid.


Message History

You feel very sick.
The kobold hits you with a +2 dagger of venom.
A demonic guardian appears!
The kobold throws a stone.
The stone hits you but does no damage.
You hit the kobold but do no damage.
You feel sick.
The kobold hits you with a +2 dagger of venom.
Your shadow imp closely misses the kobold.
The kobold hits you with a +2 dagger of venom.
You are lethally poisoned!
You are too injured to fight recklessly!
You are too injured to fight recklessly!
You are too injured to fight recklessly!
You are too injured to fight recklessly!
You are too injured to fight recklessly!
You are too injured to fight recklessly!
You are too injured to fight recklessly!
You are too injured to fight recklessly!
You are too injured to fight recklessly!
You are too injured to fight recklessly!
You are too injured to fight recklessly!
You are too injured to fight recklessly!
You are too injured to fight recklessly!
You are too injured to fight recklessly!
You are too injured to fight recklessly!
You are too injured to fight recklessly!
You are too injured to fight recklessly!
You are too injured to fight recklessly!
Unknown command.
Okay, then.
* * * LOW HITPOINT WARNING * * *
You feel very sick.
Your shadow imp misses the kobold.
You see here a ball python corpse.
You closely miss the kobold.
* * * LOW HITPOINT WARNING * * *
You feel very sick.
The kobold throws a stone.
The stone barely misses you.
Your shadow imp closely misses the kobold.
The kobold hits you with a +2 dagger of venom.
You die...

## .#
#######.######
#.#.........K...
........>.#
.#....@K.#
#...#..5# ###
#...# ....#
###..# ...# #+##


You could see 2 kobolds and a friendly shadow imp (summoned).

Vanquished Creatures
  An adder (D:4)
  6 orcs (D:4)
  2 ball pythons (D:4)
  A goblin (D:4)
10 creatures vanquished.

Vanquished Creatures (collateral kills)
  2 orcs (D:4)
2 creatures vanquished.

Grand Total: 12 creatures vanquished

Notes
Turn   | Place    | Note
-------+----------+-------------------------------------------
     0 | D:5      | spaghetti the Demonspawn Delver began the quest for the
                  | Orb.
     0 | D:5      | Reached XP level 1. HP: 18/18 MP: 1/1
    53 | D:4      | Gained mutation: A weak demonic guardian rushes to your
                  | aid. [demonic ancestry]
    53 | D:4      | Reached XP level 2. HP: 4/24 MP: 2/2
   237 | D:4      | Identified the +1 robe of Xeffuiffu {Will+ Int+3}
   476 | D:4      | Reached XP level 3. HP: 29/29 MP: 3/3
   478 | D:4      | You fall into a shaft and drop 1 floor!
   512 | D:4      | Slain by a kobold

Illustrated notes

Levels and vault maps discovered:
D:4:      layout_basic, general_overflow_altar
D:5:      layout_loops_ring, overflow_temple_1_default,
          minmay_temple_entry_glassed_door
D:6:      layout_basic, lemuel_crystal_altar, mainiacjoe_overflow_two_lobes,
          hangedman_abyss_or_decor_jellyfish_corner, serial_bayou_pond_d,
          minmay_misc_feat_more_columns

Skill      XL: |  1  2 |
---------------+-------+-----
Axes           | 2 3 |  3.2
Fighting       | |  3.0
Dodging        | |  1.7
Stealth        | |  4.5

Action                   || total
-------------------------++-------
Melee: Hand axe          ||    39
       Punch             ||     1
  Use: Potion            ||     2
Armor: Leather armour    ||    11
Dodge: Dodged            ||    28
